 Dungeon Crawl Stone Soup version 0.27-a0-1185-ga233589e6f (webtiles) character file.

Game seed: 3913714458223984372

55 Grimdewalt the Skirmisher (level 3, 0/40 HPs)
             Began as an Ogre Fighter on May 19, 2021.
             Slain by Natasha (2 damage)
             ... on level 2 of the Dungeon.
             The game lasted 00:02:31 (1807 turns).

Grimdewalt the Skirmisher (Ogre Fighter)            Turns: 1807, Time: 00:02:31

Health: 0/40       AC:  3    Str: 21    XL:     3   Next: 93%
Magic:  5/5        EV:  8    Int:  9    God:
Gold:   5          SH:  8    Dex:  8    Spells: 5/5 levels left

rFire    . . .     SeeInvis .   a - +0 flail
rCold    . . .     Faith    .   c - +0 kite shield
rNeg     . . .     Spirit   .   b - +0 robe
rPois    .         Reflect  .   (helmet restricted)
rElec    .         Harm     .   (no cloak)
rCorr    .         Rampage  .   (gloves unavailable)
Will     .....                  (boots unavailable)
Stlth    +.........             (no amulet)
HPRegen  0.13/turn              (no ring)
MPRegen  0.09/turn              (no ring)

@: no status effects
A: large, unfitting armour, tough skin 1
a: no special abilities


You were on level 2 of the Dungeon.
You visited 1 branch of the dungeon, and saw 2 of its levels.

You collected 5 gold pieces.

Inventory:

Hand Weapons
 a - a +0 flail (weapon)
Missiles
 e - 16 stones (quivered)
Armour
 b - a +0 robe (worn)
 c - a +0 kite shield (worn)
Scrolls
 f - a scroll of acquirement {unknown}
 h - 2 scrolls of vulnerability {unknown}
Potions
 d - a potion of might
 g - a potion of curing {unknown}


   Skills:
 + Level 4.6 Fighting
 + Level 2.4 Maces & Flails
 + Level 3.1 Dodging
 - Level 2.6 Shields
 + Level 1.5 Spellcasting


You had 5 spell levels left.
You didn't know any spells.
Your spell library contained the following spells:

 Spells                   Type           Power      Damage    Failure   Level
 Beastly Appendage        Tmut           0%         N/A       80%         1
 Wereblood                Tmut           0%         N/A       91%         2
 Spider Form              Tmut/Pois      0%         N/A       99%         3
 Ice Form                 Ice/Tmut       0%         N/A       100%        4
 Hydra Form               Tmut           0%         N/A       100%        5


Dungeon Overview and Level Annotations

Branches:
Dungeon (2/15)

Altars:

Annotations:
D:2 Natasha


Innate Abilities, Weirdness & Mutations

You are too large for most types of armour.
You have tough skin. (AC +1)


Message History

No target in view!
No target in view!
No target in view!
No target in view!
No target in view!
No target in view!
No target in view!
HP restored.
You see here a +0 kite shield.
Natasha, Servant of Life and Death comes into view.
Natasha hisses angrily.
Natasha howls an incantation.
Natasha shimmers violently.
Natasha is nearby!
Natasha is nearby!
Things that are here:
a +0 short sword; a bat skeleton
There is a stone staircase leading up here.
Natasha casts a spell at you. You resist with some effort.
Natasha casts a spell at you. The magic dart hits you!
You closely miss Natasha. Natasha barely misses you.
You closely miss Natasha. You block Natasha's attack.
Natasha growls.
Natasha casts a spell.
You miss Natasha.
Natasha mumbles some strange words.
Natasha shimmers violently.
Natasha claws you! The crimson imp barely misses you.
You closely miss Natasha. Natasha claws you! The crimson imp hits you.
Natasha completely misses you. The crimson imp hits you.
You closely miss Natasha. You block Natasha's attack. The crimson imp hits you.
You hit Natasha.
Natasha is moderately wounded.
You block Natasha's attack. The crimson imp hits you.
Natasha completely misses you. You block the crimson imp's attack.
You hit Natasha.
Natasha is heavily wounded.
Natasha claws you!
* * * LOW HITPOINT WARNING * * *
The crimson imp sputters.
You block the crimson imp's attack.
Your shield prevents you from hitting Natasha.
Natasha is heavily wounded.
Natasha casts a spell at you. The magic dart hits you!
* * * LOW HITPOINT WARNING * * *
You block the crimson imp's attack. Natasha claws you.
You die...

##### ..
#...#########..
#..............
#.@h.##........
#.5..).........
######.[.......
##........
#....[...
#.##.####
#..#.# ##....
#$.#.


You could see Natasha and a crimson imp (summoned).

Vanquished Creatures
  A gnoll (D:1)
  An adder (D:2)
  A dart slug (D:1)
  4 bats
  An endoplasm (D:1)
  2 giant cockroaches
  A goblin (D:1)
  3 hobgoblins (D:1)
  6 jackals (D:1)
  5 kobolds
  2 quokkas (D:1)
  2 ball pythons (D:1)
  A frilled lizard (D:1)
  A rat (D:2)
31 creatures vanquished.

Notes
Turn   | Place    | Note
-------+----------+-------------------------------------------
     0 | D:1      | Grimdewalt the Ogre Fighter began the quest for the Orb.
     0 | D:1      | Reached XP level 1. HP: 24/24 MP: 1/1
   402 | D:1      | Reached XP level 2. HP: 20/32 MP: 2/2
   765 | D:1      | Reached skill level 1 in Spellcasting
   780 | D:1      | Reached XP level 3. HP: 36/40 MP: 4/4
  1285 | D:1      | Found a faded altar of an unknown god.
  1787 | D:2      | Noticed Natasha
  1807 | D:2      | HP: 2/40 [Natasha/magic dart (7)]
  1807 | D:2      | Slain by Natasha

Illustrated notes

Levels and vault maps discovered:
D:1:      dpeg_arrival_three_smaller_balls, layout_basic,
          shapermc_ecumenical_altar_flowoftime, minivault_25,
          serial_park_tiny_2, kennysheep_decorative_pillar
D:2:      layout_rooms, minmay_unequal, uniq_sigmund, uniq_natasha

Skill      XL: |  1  2 |
---------------+-------+-----
Maces & Flails | 2 |  2.4
Dodging        | 3 |  3.1
Spellcasting   | 1 |  1.5
Fighting       | |  4.6
Shields        | |  2.6

Action                   || total
-------------------------++-------
Melee: Flail             ||   136
 Stab: Sleeping          ||     2
Armor: Robe              ||    67
Dodge: Dodged            ||    73
Block: Kite shield       ||    85

Table legend: (Time is in decaauts)
 A = Elapsed time spent in this place.
 B = Non-inter-level travel time spent in this place.
 C = Inter-level travel time spent in this place.
 D = Time resting spent in this place.
 E = Time spent auto-exploring this place.
 F = Levels seen in this place.
 G = Mean time per level.
                   A        B        C        D        E       F      G
               +--------+--------+--------+--------+--------+-----+--------+
         Total |   1875 |   1854 |     21 |      0 |   1536 |   2 |  937.5 |
       Dungeon |   1875 |   1854 |     21 |      0 |   1536 |   2 |  937.5 |
               +--------+--------+--------+--------+--------+-----+--------+

Top non-repeatable levels by time:
     D:1: 1605 daAuts
     D:2: 270 daAuts
